Map: Dusk Towers

Players

MazerRackham - Winner!

  • Race: Terran Terran
  • League: Silver

LindyHop

  • Race: Zerg Zerg

VOD

Have the link to the VOD?

Description

Time

  • Played on: Nov. 27, 2015, 8:20 p.m.
  • Length: 9:49
Show
View Real Time Build Order
Export as new Build Order

MazerRackham Terran - Winner!

Build Orders: Command Center First (CC) 

Get SALT Encoding   

  12  0:01  SCV  
  13  0:13  SCV  
  14  0:18  Supply Depot  
  14  0:25  SCV  
  15  0:39  SCV  
  16  0:53  SCV  
  17  1:01  Command Center  
  17  1:05  SCV  
  18  1:15  Barracks  
  18  1:18  SCV  
  19  1:29  Supply Depot  
  19  1:30  SCV  
  20  1:42  SCV  
  21  1:53  Barracks  
  21  1:58  Barracks  
  21  2:05  Barracks, Marine  
  22  2:13  Orbital Command  
  21  2:22  Orbital Command  
  22  2:26  Marine  
  23  2:41  SCV  
  24  2:49  Marine x2  
  24  2:50  Marine  
  27  2:52  Marine  
  27  2:53  SCV x2  
  27  2:57  Supply Depot  
  30  3:05  SCV x2  
  31  3:07  Marine  
  33  3:15  Marine x3  
  33  3:17  SCV  
  37  3:24  SCV, Marine  
  39  3:29  SCV  
  39  3:33  Marine x3  
  43  3:38  Command Center  
  43  3:39  Refinery  
  43  3:42  Marine  
  43  3:43  SCV, Refinery  
  41  3:51  Marine x3  
  41  4:00  Marine  
  39  4:08  Marine  
  39  4:09  Marine x2  
  41  4:18  Marine  
  41  4:19  SCV  
  41  4:20  SCV  
  44  4:26  Marine x2  
  44  4:27  Marine  
  47  4:36  Marine  
  47  4:37  SCV  
  47  4:38  SCV  
  50  4:39  Barracks  
  50  4:44  Marine x3  
  44  4:53  Marine  
  44  4:58  SCV x2  
  45  5:02  Factory, Marine  
  47  5:11  Marine  
  47  5:19  Factory  
  47  5:21  Factory, Refinery x2  
  47  5:23  Orbital Command  
  47  5:31  Marine x2  
  47  5:32  Marine  
  50  5:36  SCV x2  
  49  5:59  Hellion  
  49  6:03  Hellion  
  53  6:04  Supply Depot  
  53  6:05  Factory Reactor  
  53  6:07  Factory Tech Lab  
  53  6:09  Supply Depot, Marine x3  
  53  6:10  Marine  
  57  6:13  SCV x3  
  60  6:26  Hellion  
  60  6:28  Supply Depot, Hellion  
  60  6:29  Infernal Pre-Igniter  
  64  6:33  Barracks Tech Lab, Starport  
  64  6:34  Barracks Reactor  
  64  6:42  Barracks Tech Lab  
  64  6:43  SCV x2  
  66  6:47  Hellion  
  66  6:48  Hellion  
  66  6:50  Hellion  
  66  6:53  SCV  
  73  6:55  SCV x2  
  75  7:04  Marine  
  75  7:05  Combat Shields, SCV, Marine x2  
  75  7:07  SCV x2  
  81  7:08  Hellion  
  81  7:09  Hellion  
  87  7:22  Supply Depot  
  87  7:23  Hellion  
  87  7:25  Supply Depot  
  87  7:26  Supply Depot  
  87  7:28  Marine x4  
  91  7:31  Medivac x2  
  91  7:36  Orbital Command  
  95  7:37  SCV x2  
  97  7:46  Marine x3  
  97  7:48  Hellion x3  
  97  7:49  SCV  
  107  7:59  Refinery  
  107  8:00  Medivac  
  107  8:01  Medivac  
  107  8:02  Marine  
  107  8:03  Refinery  
  107  8:04  Supply Depot, Marine x3  
  115  8:09  Hellion x2  
  115  8:10  Hellion  
  115  8:12  Armory  
  121  8:19  Marine  
  121  8:22  Marine  
  123  8:29  Barracks Tech Lab  
  123  8:30  Medivac  
  123  8:31  Medivac  
  127  8:35  Barracks Tech Lab  
  127  8:44  Supply Depot  
  127  8:45  Supply Depot  
  127  8:46  Supply Depot  
  127  8:47  Supply Depot, Concussive Shells  
  127  8:50  Marauder x2  
  127  8:52  Marine  
  132  9:06  Cyclone, Medivac x2  
  139  9:11  Marauder  
  141  9:18  Marine x3  
Show
View Real Time Build Order
Export as new Build Order

LindyHop Zerg 

Build Orders: Hatch First 

Get SALT Encoding   

  12  0:01  Drone  
  13  0:11  Drone  
  14  0:35  Hatchery  
  13  0:40  Drone  
  14  0:58  Spawning Pool  
  14  0:59  Drone  
  14  1:06  Overlord  
  14  1:20  Drone, Extractor  
  14  1:24  Drone x2  
  16  1:33  Drone  
  17  1:45  Drone, Queen  
  20  1:52  Queen  
  22  1:57  Drone  
  22  2:00  Drone  
  24  2:04  Drone  
  25  2:09  Drone  
  25  2:11  Drone  
  27  2:16  Drone  
  28  2:24  Metabolic Boost  
  28  2:27  Overlord  
  28  2:42  Overlord  
  28  2:47  Zergling x8  
  32  2:52  Drone  
  33  3:08  Baneling Nest  
  32  3:15  Zergling x10  
  32  3:16  Zergling x4  
  39  3:40  Zergling x10  
  44  3:41  Overlord  
  40  3:57  Zergling x8  
  40  4:20  Baneling x3  
  40  4:21  Baneling  
  40  4:22  Zergling x16  
  40  4:23  Zergling x2  
  49  4:34  Zergling x4  
  47  4:58  Zergling x2  
  47  4:59  Zergling x12  
  51  5:05  Overlord  
  51  5:06  Overlord x2  
  51  5:10  Baneling x2  
  51  5:11  Baneling x5  
  51  5:12  Baneling  
  51  5:21  Overlord  
  47  5:54  Drone x7  
  53  5:58  Lair  
  53  6:00  Extractor  
  52  6:13  Drone x2  
  54  6:28  Drone  
  54  6:29  Hatchery, Drone x2  
  56  6:34  Extractor  
  55  6:40  Drone  
  55  6:41  Drone x4  
  55  6:43  Drone x2  
  61  7:07  Roach Warren  
  60  7:20  Drone x4  
  64  7:25  Extractor  
  63  7:36  Evolution Chamber  
  61  7:48  Roach  
  61  7:49  Roach x9  
  81  8:03  Roach  
  81  8:04  Roach x3  
  89  8:05  Overlord x2  
  89  8:06  Overlord x2  
  89  8:11  Overlord  
  88  8:29  Drone x2  
  88  8:30  Drone x4  
  94  8:40  Queen  
  96  8:45  Drone x3  
  99  8:51  Spire  
  98  8:58  Roach x5  
  108  9:05  Roach  
  108  9:09  Zergling x8  
  113  9:17  Baneling x4  
  113  9:18  Baneling x5  
  113  9:21  Roach x6  
Tags
 
Add a new tag
Caveats
  • Supply blocks, unpowered buildings, or Contaminate may cause inaccurate times.
  • Supply counts are checked every 10 seconds.